[Event "Titled Tuesday Blitz August 24 2021"]
[White "Nilsen, Tobias Lang"]
[Black "Jeet, Jain"]
[WhiteFideId "1521624"]
[BlackFideId "5073022"]
[WhiteElo "1975"]
[BlackElo "2085"]
[Result "0-1"]
[Round "06"]
[TimeControl "180+1"]
[Date "2021.08.24"]
[WhiteClock "0:00:05"]
[BlackClock "0:00:16"]

1. e4 e5 2. Nf3 Nc6 3. Bb5 a6 4. Ba4 Nf6 5. O-O Be7 6. Re1 b5 7. Bb3 d6 8. a4 Bd7 9. d3 O-O 10. Nbd2 Na5 11. Ba2 bxa4 12. Nf1 c5 13. Ng3 Re8 14. h3 h6 15. Nh4 Nxe4 16. dxe4 Bxh4 17. Qxd6 Qc8 18. Bxh6 Be6 19. Be3 Nb7 20. Qd1 g6 21. Bd5 Bxd5 22. exd5 f5 23. d6 Qe6 24. Rxa4 Bf6 25. Qe2 Qxd6 26. Qc4+ Kg7 27. b4 Qc6 28. bxc5 f4 29. Rb4 fxe3 30. Ne4 exf2+ 31. Kxf2 Bh4+ 32. g3 Rf8+ 33. Kg1 Be7 34. Rb6 Qd7 35. c6 Qc7 36. Rxb7 Qd8 37. Qc5 Rf7 38. Qe3 Rc8 39. Rd7 Qh8 40. Nf2 Bf6 41. Rxf7+ Kxf7 42. Qe4 Qe8 43. Qd5+ Qe6 44. Qd7+ Be7 45. Ne4 Qxd7 46. cxd7 Rxc2 47. Rf1+ Ke6 48. Rd1 Bd8 49. Rd6+ Kf5 50. Rxg6 Kxg6 51. g4 Rc4 52. Ng3 Rc7 53. Nf5 Rxd7 54. h4 a5 55. h5+ Kg5 0-1


[Site "https://www.chess.com"]

[Event "Titled Tuesday Blitz August 24 2021"]
[White "Nimrod_Veinberg"]
[Black "Demchenko, Anton"]
[BlackFideId "4160258"]
[WhiteElo "2701"]
[BlackElo "2583"]
[Result "0-1"]
[Round "06"]
[TimeControl "180+1"]
[Date "2021.08.24"]
[WhiteClock "0:00:21"]
[BlackClock "0:00:20"]

1. d4 d5 2. Nf3 Nf6 3. c4 e6 4. g3 h6 5. Bg2 Bd6 6. O-O O-O 7. Qc2 b6 8. cxd5 exd5 9. Nc3 Re8 10. Nb5 a6 11. Nxd6 cxd6 12. b3 a5 13. Ba3 Bg4 14. e3 b5 15. Rfc1 Ra7 16. Ne1 Qd7 17. Nd3 Bf5 18. Qd1 g5 19. Bb2 Nc6 20. Bc3 Ne7 21. a3 Ng6 22. f3 Rxe3 23. Nf2 a4 24. bxa4 bxa4 25. Bb4 Rb3 26. Qe1 Qd8 27. Ra2 Re7 28. Re2 Rxe2 29. Qxe2 Qb6 30. Qd2 Kg7 31. Rc3 Rb1+ 32. Bf1 Nf8 33. Kg2 Ne6 34. Bd3 Bxd3 35. Rxd3 Nh5 36. Nd1 Qa6 37. Kf2 Kg8 38. Ne3 Nhf4 39. gxf4 Nxf4 40. Rc3 Rh1 41. Kg3 Rg1+ 42. Kf2 Nh3# 0-1


[Site "https://www.chess.com"]

[Event "Titled Tuesday Blitz August 24 2021"]
[White "Papasimakopoulos, Alexandros"]
[Black "Tristan, Leonardo"]
[WhiteFideId "4244125"]
[BlackFideId "113816"]
[WhiteElo "2352"]
[BlackElo "2404"]
[Result "1-0"]
[Round "06"]
[TimeControl "180+1"]
[Date "2021.08.24"]
[WhiteClock "0:00:09"]
[BlackClock "0:00:02"]

1. d4 d5 2. c4 e6 3. Nc3 a6 4. cxd5 exd5 5. Nf3 Nf6 6. Bg5 Be6 7. e3 Nbd7 8. Bd3 Bd6 9. O-O c6 10. Qc2 Qc7 11. Bh4 h6 12. Bg3 Bxg3 13. hxg3 O-O 14. b4 b6 15. a4 a5 16. Rfb1 Rfc8 17. bxa5 Rxa5 18. e4 dxe4 19. Nxe4 Nxe4 20. Bxe4 Bd5 21. Bf5 Rb8 22. Bxd7 Qxd7 23. Ne5 Qd6 24. Qc3 f6 25. Nc4 Bxc4 26. Qxc4+ Rd5 27. Rd1 Kh8 28. Rac1 c5 29. Rd3 Rd8 30. Rcd1 Rxd4 31. Rxd4 cxd4 32. Rd3 Qc5 33. Qb3 Rd5 34. Rd1 d3 35. Rd2 Qc1+ 36. Qd1 Qc3 37. Qe1 Re5 38. Qd1 Re4 39. Kh2 Rd4 40. Qe1 Kh7 41. Qe3 Qc4 42. Qf3 Rd5 43. Qd1 h5 44. Qf3 h4 45. g4 Qd4 46. Kh3 g5 47. Qd1 Kg7 48. Qc1 Rc5 49. Qe1 Rc7 50. Qe8 Rd7 51. Qe6 Qd6 52. Qxd6 Rxd6 53. g3 hxg3 54. Kxg3 Rd4 55. Kf3 Kg6 56. Kg3 Kf7 57. f3 Ke6 58. Kf2 Kd5 59. Ke3 Kc4 60. Rd1 Rd6 61. Rc1+ Kb3 62. Kd2 Kxa4 63. Rb1 b5 64. Ra1+ Kb4 65. Rb1+ Kc5 66. Rc1+ Kb6 67. Rb1 Rd5 68. Rb3 Kc6 69. Rb1 Kd6 70. Re1 Kc5 71. Rc1+ Kd4 72. Rb1 Ke5 73. Rb4 f5 74. gxf5 Kxf5 75. Rg4 Rd6 76. Rb4 Kg6 77. Rxb5 Rf6 78. Kxd3 Rxf3+ 79. Ke2 Rf8 80. Rb1 g4 81. Rf1 1-0


[Site "https://www.chess.com"]

[Event "Titled Tuesday Blitz August 24 2021"]
[White "Pavlov, Danila"]
[Black "Song, Michael"]
[WhiteFideId "34126594"]
[BlackFideId "2613190"]
[WhiteElo "2323"]
[BlackElo "2274"]
[Result "1-0"]
[Round "06"]
[TimeControl "180+1"]
[Date "2021.08.24"]
[WhiteClock "0:00:28"]
[BlackClock "0:00:33"]

1. e4 e5 2. Nf3 Nc6 3. Bb5 Nf6 4. O-O Nxe4 5. Re1 Nd6 6. Nxe5 Be7 7. Bf1 O-O 8. Nc3 Nf5 9. Nd5 Bd6 10. Nc4 Bc5 11. c3 Nce7 12. Nxe7+ Bxe7 13. Qf3 d5 14. Ne3 Nxe3 15. dxe3 c6 16. Bd3 f5 17. c4 Be6 18. b3 Bf6 19. Rb1 Qa5 20. Qe2 Rad8 21. b4 Qa4 22. h3 Bc3 23. Rf1 Bxb4 24. a3 Bc3 25. cxd5 Bxd5 26. Rxb7 c5 27. Rb1 c4 28. Bc2 Qc6 29. f3 Rde8 30. Bd2 Bxd2 31. Qxd2 Qc5 32. Rfe1 c3 33. Qd3 Rf7 34. Rb5 1-0


[Site "https://www.chess.com"]

[Event "Titled Tuesday Blitz August 24 2021"]
[White "Petesch, Gabriel"]
[Black "Shahade, Gregory"]
[WhiteFideId "2032465"]
[BlackFideId "2009064"]
[WhiteElo "2374"]
[BlackElo "2686"]
[Result "0-1"]
[Round "06"]
[TimeControl "180+1"]
[Date "2021.08.24"]
[WhiteClock "0:00:01"]
[BlackClock "0:01:29"]

1. Nf3 Nf6 2. g3 g6 3. Bg2 Bg7 4. O-O O-O 5. b3 Ne4 6. c3 d5 7. Bb2 c5 8. d3 Nd6 9. Nbd2 Nc6 10. e4 dxe4 11. dxe4 c4 12. Qc2 e5 13. Rfd1 Qc7 14. Nf1 cxb3 15. axb3 Nd4 16. Qd3 Nxf3+ 17. Bxf3 Rd8 18. Ba3 Bf8 19. Ne3 Be6 20. Qc2 Nb5 21. Bxf8 Rxf8 22. Rac1 Rac8 23. Nc4 Bxc4 24. bxc4 Qxc4 25. Be2 Qc5 26. Rd5 Qxc3 27. Rxe5 0-1


[Site "https://www.chess.com"]

[Event "Titled Tuesday Blitz August 24 2021"]
[White "Petrovskyi, Vadym"]
[Black "Tsyhanchuk, Stanislav"]
[WhiteFideId "14165210"]
[BlackFideId "13505130"]
[WhiteElo "2334"]
[BlackElo "2121"]
[Result "1-0"]
[Round "06"]
[TimeControl "180+1"]
[Date "2021.08.24"]
[WhiteClock "0:00:15"]
[BlackClock "0:00:01"]

1. e4 e6 2. d4 d5 3. Nc3 Bb4 4. exd5 exd5 5. Qf3 Ne7 6. Bd3 c5 7. Be3 Nbc6 8. Bb5 O-O 9. Ne2 Qa5 10. Bxc6 bxc6 11. O-O Bxc3 12. bxc3 Ba6 13. dxc5 Bxe2 14. Qxe2 Nf5 15. Bd4 Rfe8 16. Qd3 g6 17. a4 Re4 18. f3 Re6 19. Rfe1 Rae8 20. Rxe6 Rxe6 21. Rb1 Re8 22. Rb4 Qc7 23. Bf2 h5 24. g4 Ng7 25. Bg3 Qe7 26. Bf2 Qg5 27. h4 Qc1+ 28. Kg2 Ne6 29. Be3 Qe1 30. Bf2 Qc1 31. Be3 Qe1 32. gxh5 Nf4+ 33. Bxf4 Re2+ 34. Kh3 Qh1+ 35. Kg4 Qg2+ 36. Bg3 f5+ 37. Kf4 Qf1 38. Rb8+ Kg7 39. Qd4+ Kh6 40. Qh8# 1-0


[Site "https://www.chess.com"]

[Event "Titled Tuesday Blitz August 24 2021"]
[White "Ponikarovsky, Alexey"]
[Black "Palchuk, Andrii"]
[WhiteFideId "4122887"]
[BlackFideId "14176688"]
[WhiteElo "1944"]
[BlackElo "2320"]
[Result "1-0"]
[Round "06"]
[TimeControl "180+1"]
[Date "2021.08.24"]
[WhiteClock "0:01:14"]
[BlackClock "0:00:12"]

1. e4 d5 2. exd5 Nf6 3. c4 c6 4. d4 cxd5 5. Nf3 e6 6. Nc3 Be7 7. cxd5 Nxd5 8. Bb5+ Bd7 9. Bxd7+ Nxd7 10. Nxd5 exd5 11. O-O O-O 12. Qb3 Nb6 13. Bf4 Bd6 14. Be5 f6 15. Bg3 Re8 16. Rfe1 Bxg3 17. hxg3 Qd7 18. Rac1 Nc4 19. a3 b6 20. Qc2 Rac8 21. Rxe8+ Rxe8 22. Ne1 Qg4 23. Nd3 Qxd4 24. Rd1 Qe4 25. Qc3 Ne5 26. Nf4 Qc4 27. Nxd5 Qxc3 28. Nxc3 Re7 29. Rd8+ Kf7 30. f4 Nc4 31. Nd1 Re2 32. Kf1 Rd2 33. Rxd2 Nxd2+ 34. Ke2 Ne4 35. g4 Ke6 36. Kd3 Nc5+ 37. Kc4 Kd6 38. b4 Ne6 39. f5 Nf4 40. g3 Ne2 41. Kb5 Kc7 42. Ka6 Kb8 43. a4 Nxg3 44. Nc3 h5 45. gxh5 Nxf5 46. Nb5 Ne7 47. Nxa7 Nd5 48. Nc6+ Kc7 49. Nd4 Nxb4+ 50. Kb5 Nd5 51. Ne6+ Kb7 52. Nxg7 Ne7 53. h6 Ng6 54. h7 Nh8 55. Nf5 Ng6 56. Nd6+ Kc7 57. Ne8+ Kb7 58. Nxf6 Kc7 59. Nd5+ Kb7 60. Nxb6 Nh8 61. a5 Ng6 62. a6+ Ka7 63. Nc8+ Kb8 64. Ne7 Ka7 65. Nxg6 1-0


[Site "https://www.chess.com"]

[Event "Titled Tuesday Blitz August 24 2021"]
[White "Potapova, Margarita"]
[Black "Labussiere, Yago"]
[WhiteFideId "14126869"]
[BlackFideId "2186969"]
[WhiteElo "2214"]
[BlackElo "1857"]
[Result "1-0"]
[Round "06"]
[TimeControl "180+1"]
[Date "2021.08.24"]
[WhiteClock "0:00:07"]
[BlackClock "0:00:03"]

1. d4 Nf6 2. c4 g6 3. Nc3 Bg7 4. e4 d6 5. h3 O-O 6. Be3 e5 7. d5 a5 8. g4 c6 9. Nge2 Na6 10. Nc1 Nc5 11. f3 Bd7 12. Nd3 Nxd3+ 13. Bxd3 a4 14. Qd2 cxd5 15. cxd5 Qa5 16. a3 Rfc8 17. Na2 Qd8 18. O-O Ne8 19. Kh2 Nc7 20. Qe2 Bf6 21. Qd2 Nb5 22. Nc3 Nd4 23. Bxd4 exd4 24. Ne2 g5 25. f4 gxf4 26. Nxf4 Be5 27. Kg2 Qh4 28. Rf3 Kh8 29. Qf2 Qg5 30. Nh5 Rg8 31. Ng3 Bxg4 32. hxg4 Qxg4 33. Be2 Rg5 34. Rh1 Rag8 35. Rh3 f6 36. Kh2 Qd7 37. Kg2 Qg7 38. Kh2 Rxg3 39. Rhxg3 Qxg3+ 40. Rxg3 Bxg3+ 41. Qxg3 Rxg3 42. Kxg3 d3 43. Bxd3 Kg7 44. Be2 Kg6 45. Kg4 h6 46. Kf4 h5 47. Bf3 h4 48. Bg4 f5 49. exf5+ Kf6 50. Bh3 b6 51. Bg4 b5 52. Bh3 Kf7 53. Bg4 Kg7 54. Kg5 Kf7 55. f6 Kf8 56. Be6 b4 57. Kxh4 bxa3 58. bxa3 Ke8 59. Kg5 Kf8 60. Kg6 Ke8 61. Kg7 Kd8 62. f7 Kc7 63. f8=Q Kb7 64. Qc8+ Ka7 65. Qc7+ Ka8 66. Qc6+ 1-0


[Site "https://www.chess.com"]

[Event "Titled Tuesday Blitz August 24 2021"]
[White "Quiroga Garza, Juan Manuel"]
[Black "Jakubowski, Krzysztof"]
[WhiteFideId "5117844"]
[BlackFideId "1112848"]
[WhiteElo "2003"]
[BlackElo "2414"]
[Result "1-0"]
[Round "06"]
[TimeControl "180+1"]
[Date "2021.08.24"]
[WhiteClock "0:00:51"]
[BlackClock "0:00:31"]

1. e4 c5 2. Nf3 e6 3. d4 cxd4 4. Nxd4 a6 5. Bd3 Bc5 6. Nb3 Ba7 7. O-O Nc6 8. Kh1 Nf6 9. f4 h5 10. Nc3 Ng4 11. Qf3 Qh4 12. h3 g5 13. Nd1 Rg8 14. Ne3 Nxe3 15. Bxe3 g4 16. Qf2 Qxf2 17. Bxf2 gxh3 18. gxh3 Bxf2 19. Rxf2 b6 20. Rg1 Rxg1+ 21. Kxg1 Bb7 22. c3 Ne7 23. Nd4 Ng6 24. e5 Nh4 25. Re2 Ke7 26. f5 Rg8+ 27. Kh2 Ng2 28. f6+ Kd8 29. Be4 Nf4 30. Bxb7 Nxe2 31. Nxe2 Rg5 32. Bxa6 Rxe5 33. Nf4 Rf5 34. Kg3 d5 35. Bd3 Rxf6 36. Nxh5 Rh6 37. Kg4 Ke7 38. a4 Rh8 39. b4 e5 40. a5 e4 41. Be2 bxa5 42. bxa5 Ke6 43. a6 f5+ 44. Kg5 Ke5 45. Nf4 Ra8 46. h4 e3 47. h5 Ke4 48. h6 Rg8+ 49. Ng6 d4 50. cxd4 Kxd4 51. h7 Ra8 52. h8=Q+ Rxh8 53. Nxh8 1-0


[Site "https://www.chess.com"]

[Event "Titled Tuesday Blitz August 24 2021"]
[White "Rakhmanov, Aleksandr"]
[Black "Maly, Alexey"]
[WhiteFideId "4173708"]
[BlackFideId "14103184"]
[WhiteElo "2498"]
[BlackElo "2250"]
[Result "1-0"]
[Round "06"]
[TimeControl "180+1"]
[Date "2021.08.24"]
[WhiteClock "0:00:16"]
[BlackClock "0:00:06"]

1. c4 Nf6 2. Nc3 e5 3. Nf3 d6 4. d4 Nbd7 5. e4 c6 6. Be2 Be7 7. O-O O-O 8. Re1 a6 9. Bf1 b5 10. a3 Bb7 11. h3 Re8 12. Bg5 Qb8 13. Rc1 Nf8 14. b4 bxc4 15. dxe5 dxe5 16. Bxc4 Ng6 17. Qb3 Rf8 18. Na4 Bc8 19. Be3 Nd7 20. Red1 a5 21. Ng5 Bxg5 22. Bxg5 axb4 23. axb4 Qa7 24. Ra1 Qc7 25. Be3 Nf4 26. Kh2 Rb8 27. g3 Nxh3 28. Nc5 Nf6 29. f3 h6 30. Kg2 Ng5 31. Rh1 Ngh7 32. Qc3 Nd7 33. Rad1 Nhf6 34. Bxh6 gxh6 35. Qd2 1-0


[Site "https://www.chess.com"]

[Event "Titled Tuesday Blitz August 24 2021"]
[White "Sadhwani, Raunak"]
[Black "Sjugirov, Sanan"]
[WhiteFideId "35093487"]
[BlackFideId "4189302"]
[WhiteElo "2514"]
[BlackElo "2472"]
[Result "1/2-1/2"]
[Round "06"]
[TimeControl "180+1"]
[Date "2021.08.24"]
[WhiteClock "0:00:09"]
[BlackClock "0:00:05"]

1. b3 e5 2. Bb2 Nc6 3. e3 d5 4. Bb5 Ne7 5. Nf3 f6 6. d4 e4 7. Nfd2 a6 8. Be2 f5 9. c4 Be6 10. Nc3 Qd7 11. Rc1 g6 12. h4 h5 13. g3 Bg7 14. cxd5 Nxd5 15. Nxd5 Bxd5 16. a3 O-O 17. Bc4 Ne7 18. b4 Bxc4 19. Nxc4 Nd5 20. Qb3 Kh7 21. Na5 c6 22. Nc4 Rae8 23. Qc2 Qe6 24. Na5 Rf7 25. Nb3 Bf8 26. Nc5 Qf6 27. Qd2 Bd6 28. Rc2 Qe7 29. Kd1 Ra8 30. Nb3 Bc7 31. Ke2 Raf8 32. Kd1 Ra8 33. Kc1 Qd8 34. Kb1 a5 35. bxa5 Bxa5 36. Qe2 Bc7 37. Rhc1 Bd6 38. Nc5 Qe7 39. Qc4 Rff8 40. Qb3 Ra7 41. Rc4 Rfa8 42. Qd1 b6 43. Nb3 Bxa3 44. Qe2 Bxb2 45. Qxb2 Ra3 46. R1c2 Qa7 47. Kc1 b5 48. Rxc6 Kh6 49. Kd2 Nb4 50. d5 Nxc2 51. Qf6 Qg7 52. Qg5+ Kh7 53. d6 R8a7 54. Kxc2 Ra2+ 55. Kd1 Ra1+ 56. Nxa1 Rxa1+ 57. Rc1 Rxc1+ 58. Kxc1 Qc3+ 59. Kd1 Qd3+ 60. Ke1 Qxd6 61. g4 hxg4 62. h5 b4 63. hxg6+ Qxg6 64. Qe7+ Qg7 65. Qxb4 Kg6 66. Qd6+ Qf6 67. Qd7 Qa1+ 68. Ke2 Qa6+ 69. Ke1 Qa1+ 70. Ke2 Qf6 71. Kf1 Qf7 72. Qd6+ Kg5 73. Kg2 Qh7 74. Qf4+ Kg6 75. Qd6+ Kh5 76. Kg3 Kg5 77. Qd8+ Kg6 78. Kf4 Qh6+ 79. Ke5 Qg7+ 80. Kf4 Qh6+ 81. Ke5 Qg7+ 82. Kf4 Qh6+ 1/2-1/2


[Site "https://www.chess.com"]

[Event "Titled Tuesday Blitz August 24 2021"]
[White "Sarana, Alexey"]
[Black "Balakrishnan, Praveen"]
[WhiteFideId "24133795"]
[BlackFideId "2064871"]
[WhiteElo "2646"]
[BlackElo "2237"]
[Result "0-1"]
[Round "06"]
[TimeControl "180+1"]
[Date "2021.08.24"]
[WhiteClock "0:00:06"]
[BlackClock "0:00:08"]

1. e4 g6 2. d4 Bg7 3. Nc3 a6 4. f4 b5 5. Nf3 Bb7 6. Bd3 d6 7. a4 b4 8. Ne2 c5 9. c3 Nf6 10. Ng3 O-O 11. O-O c4 12. Bb1 Nbd7 13. cxb4 Qb6 14. Bd2 e5 15. a5 Qa7 16. fxe5 dxe5 17. Bc3 Ng4 18. Re1 Rad8 19. h3 exd4 20. Bxd4 Bxd4+ 21. Qxd4 Qxd4+ 22. Nxd4 Nde5 23. Nde2 Nf6 24. Nc3 Rd2 25. Re2 Rfd8 26. b5 Rxe2 27. Ngxe2 Rd2 28. b6 Rxb2 29. Nd4 Nd3 30. Bc2 Nxe4 31. Nxe4 Bxe4 32. Ra4 Bd5 33. Ra3 Nb4 34. Rc3 Ra2 35. Kf1 Rxa5 36. Bd1 Ra1 37. Ke2 Ra2+ 38. Ke3 Rb2 39. Bf3 Bxf3 40. Kxf3 Nd5 41. Rxc4 Nxb6 42. Rc7 a5 43. Ra7 a4 44. Nc6 Rb3+ 45. Ke4 a3 46. g4 Nc4 47. Kd5 Ne3+ 48. Kd4 Nc2+ 49. Kc4 Rxh3 50. Ne5 Re3 51. Nxf7 Rg3 52. Nh6+ Kf8 53. Rxh7 a2 54. Rf7+ Ke8 55. Rf1 a1=Q 56. Rxa1 Nxa1 57. Kd4 Nc2+ 58. Ke5 Ne3 59. Kf6 Nxg4+ 60. Kg5 Nxh6+ 61. Kh4 Rg1 0-1


[Site "https://www.chess.com"]

[Event "Titled Tuesday Blitz August 24 2021"]
[White "Seliverstov, Vladimir"]
[Black "Nazaretyan, Tigran"]
[WhiteFideId "4192036"]
[BlackFideId "24162345"]
[WhiteElo "2489"]
[BlackElo "2167"]
[Result "1-0"]
[Round "06"]
[TimeControl "180+1"]
[Date "2021.08.24"]
[WhiteClock "0:01:01"]
[BlackClock "0:00:06"]

1. d4 Nf6 2. Bf4 d6 3. e3 Nbd7 4. Nf3 Nh5 5. Bg5 h6 6. Bh4 g5 7. Nfd2 Ndf6 8. Be2 Ng7 9. Bg3 Nf5 10. c3 h5 11. e4 Nxe4 12. Nxe4 h4 13. Nxg5 hxg3 14. Bh5 gxf2+ 15. Kxf2 Nh6 16. Qf3 Qd7 17. Nxf7 Nxf7 18. Qxf7+ Kd8 19. Nd2 Bh6 20. Nf3 Rf8 21. Qg6 Qe6 22. Qxe6 Bxe6 23. Rhe1 Bd5 24. Bg6 b5 25. Be4 Bxe4 26. Rxe4 Kd7 27. Rae1 Rf7 28. Ke2 c6 29. Kd3 a5 30. Rh4 Rf6 31. Rg4 a4 32. Re2 a3 33. b3 Raf8 34. h4 Bf4 35. Rg7 Bh6 36. Rgxe7+ Kd8 37. Ra7 Rxf3+ 38. gxf3 Rxf3+ 39. Kc2 Rf1 40. Rg2 Rc1+ 41. Kd3 Rd1+ 42. Ke4 Re1+ 43. Kf5 Rf1+ 44. Ke6 Re1+ 45. Kxd6 Bf4+ 46. Kxc6 Re6+ 47. Kxb5 Bc7 48. Rg8+ Kd7 49. Rg7+ Kd6 50. Ra6+ Kd5 51. Rxe6 Be5 52. Rxe5+ Kd6 53. Rg6+ 1-0


[Site "https://www.chess.com"]

[Event "Titled Tuesday Blitz August 24 2021"]
[White "Serikbay, Assel"]
[Black "Maiorov, Nikita"]
[WhiteFideId "13706799"]
[BlackFideId "13501720"]
[WhiteElo "2044"]
[BlackElo "2440"]
[Result "0-1"]
[Round "06"]
[TimeControl "180+1"]
[Date "2021.08.24"]
[WhiteClock "0:00:03"]
[BlackClock "0:01:06"]

1. d4 Nf6 2. c4 e6 3. g3 d5 4. Bg2 dxc4 5. Nf3 Bb4+ 6. Bd2 a5 7. O-O O-O 8. Qc2 Bxd2 9. Nbxd2 b5 10. a4 c6 11. Ne5 Ra6 12. Rfd1 Nd5 13. e4 Nb4 14. Qc3 Nd7 15. Nxd7 Bxd7 16. b3 cxb3 17. Nxb3 Qe7 18. Nc5 Ra7 19. axb5 cxb5 20. d5 exd5 21. exd5 Rc8 22. d6 Qg5 23. Rdc1 Na6 24. Ne4 Rxc3 25. Nxg5 Rxc1+ 26. Rxc1 h6 27. Ne4 a4 28. Nc3 a3 29. Ra1 b4 30. Nd5 Be6 31. Nb6 a2 32. Na4 b3 33. Nb2 Nb4 34. f4 Nc2 35. Kf2 0-1


[Site "https://www.chess.com"]

[Event "Titled Tuesday Blitz August 24 2021"]
[White "Sevian, Samuel"]
[Black "Jobava, Baadur"]
[WhiteFideId "2040506"]
[BlackFideId "13601520"]
[WhiteElo "2998"]
[BlackElo "2748"]
[Result "0-1"]
[Round "06"]
[TimeControl "180+1"]
[Date "2021.08.24"]
[WhiteClock "0:00:03"]
[BlackClock "0:00:10"]

1. e4 c6 2. d4 d5 3. Nc3 dxe4 4. Nxe4 Bf5 5. Ng3 Bg6 6. h4 h6 7. Nh3 e6 8. Nf4 Bh7 9. Bc4 Nf6 10. O-O Bd6 11. Re1 O-O 12. c3 Re8 13. Ngh5 Nbd7 14. Qf3 Nxh5 15. Qxh5 Nf6 16. Qf3 Qc7 17. g3 c5 18. Bb3 cxd4 19. cxd4 Bb4 20. Re5 Rad8 21. Be3 Bd6 22. Rc1 Qb8 23. Rb5 Be4 24. Qe2 a6 25. Ra5 Rc8 26. Rd1 Bc7 27. Rc5 Bd6 28. Rxc8 Qxc8 29. Bd2 Qc6 30. Rc1 Qd7 31. Nh5 Nxh5 32. Qxe4 Nf6 33. Qf3 Be7 34. Be3 Rc8 35. Re1 Bb4 36. Rd1 Nd5 37. Bc1 Be7 38. Kg2 Bf6 39. Qe4 Qc6 40. Kh2 Ne7 41. Qxc6 Rxc6 42. Kg2 h5 43. Kf3 g6 44. Ke4 Kg7 45. Bf4 Rb6 46. Rc1 Nf5 47. Be3 Rb4 48. Rd1 a5 49. Rd2 a4 50. Bd1 Nd6+ 51. Kd3 b5 52. a3 Rc4 53. Rc2 e5 54. dxe5 Bxe5 55. Bc1 Rd4+ 56. Ke2 Nc4 57. Ke1 Re4+ 58. Be2 Bf6 59. Kf1 Rd4 60. Bxc4 Rxc4 61. Rxc4 bxc4 62. Ke2 Bd4 63. f3 Kf6 64. Kd2 Ke6 65. Kc2 Kd5 66. Bf4 Bf2 67. Bb8 f5 68. Bc7 Be1 69. Kd1 Bf2 70. Kc2 Bd4 71. Bb8 Be5 72. Bxe5 Kxe5 73. Kc3 f4 74. gxf4+ Kxf4 75. Kxc4 g5 76. hxg5 Kxg5 77. Kd3 h4 78. Ke3 h3 79. Kf2 Kf4 80. Kg1 Kxf3 81. Kh2 Kg4 82. Kh1 Kg3 83. Kg1 h2+ 84. Kh1 Kh3 85. b3 axb3 0-1


[Site "https://www.chess.com"]

[Event "Titled Tuesday Blitz August 24 2021"]
[White "Shimanov, Aleksandr"]
[Black "Shimelkov, Vasiliy"]
[WhiteFideId "4198603"]
[BlackFideId "13701630"]
[WhiteElo "2596"]
[BlackElo "2073"]
[Result "1-0"]
[Round "06"]
[TimeControl "180+1"]
[Date "2021.08.24"]
[WhiteClock "0:00:44"]
[BlackClock "0:00:06"]

1. b3 d5 2. Bb2 e6 3. Nf3 Nf6 4. e3 c5 5. c4 Be7 6. g4 O-O 7. g5 Ne4 8. h4 f6 9. d3 Nd6 10. Rg1 f5 11. Nc3 f4 12. cxd5 fxe3 13. fxe3 Nf5 14. e4 Ne3 15. Qe2 Nxf1 16. Rxf1 exd5 17. Nxd5 Bh3 18. Rf2 Nc6 19. O-O-O Bg4 20. Rg1 Nd4 21. Bxd4 Bxf3 22. Rxf3 cxd4 23. Rgf1 Rc8+ 24. Kb1 Rxf3 25. Qxf3 Ba3 26. Qf7+ Kh8 27. g6 Qxh4 28. Qe6 Rd8 29. Qf5 Qg3 30. Qf3 Qxg6 31. Qf2 h6 32. Qxd4 Qg2 33. Qf2 Qh3 34. Qf3 Qh2 35. Qf2 Qh3 36. Qe2 Rc8 37. Nf4 Qd7 38. Ng6+ Kh7 39. Ne5 Qd4 40. Nc4 Be7 41. e5 b5 42. Nd2 Qc3 43. Ne4 Qxe5 44. Nf6+ Qxf6 45. Rxf6 Bxf6 46. d4 Kh8 47. d5 h5 48. Qxh5+ Kg8 49. Qe2 Rd8 50. Qxb5 a6 51. Qxa6 Kh7 52. Qd3+ 1-0


[Site "https://www.chess.com"]

[Event "Titled Tuesday Blitz August 24 2021"]
[White "Silva, Miguel Antonio Neto"]
[Black "Perez Gormaz, Matias"]
[WhiteFideId "1911929"]
[BlackFideId "3406342"]
[WhiteElo "2283"]
[BlackElo "2352"]
[Result "1-0"]
[Round "06"]
[TimeControl "180+1"]
[Date "2021.08.24"]
[WhiteClock "0:00:40"]
[BlackClock "0:00:02"]

1. e4 c5 2. Nf3 d6 3. d4 cxd4 4. Nxd4 Nf6 5. Nc3 a6 6. Bg5 e6 7. f4 Be7 8. Qf3 Qc7 9. O-O-O Nbd7 10. g4 h6 11. Bxf6 Bxf6 12. h4 Nb6 13. g5 Bxd4 14. Rxd4 Qc5 15. Rd2 Bd7 16. Kb1 Rc8 17. Be2 Na4 18. Nxa4 Bxa4 19. Bd3 Bc6 20. Rf1 Kd7 21. Qg4 Kc7 22. g6 f5 23. exf5 exf5 24. Bxf5 Rce8 25. Bd3 Rhf8 26. f5 Re5 27. Re2 Rf6 28. Rfe1 Rxe2 29. Qxe2 Kb6 30. Qe7 Bb5 31. Bxb5 axb5 32. Qxg7 Rxf5 33. Qe7 Rf2 34. Qe4 h5 35. g7 Qc4 1-0


[Site "https://www.chess.com"]

[Event "Titled Tuesday Blitz August 24 2021"]
[White "Skliarov, Viktor"]
[Black "Pichot, Alan"]
[WhiteFideId "14106736"]
[BlackFideId "110973"]
[WhiteElo "2281"]
[BlackElo "2622"]
[Result "1-0"]
[Round "06"]
[TimeControl "180+1"]
[Date "2021.08.24"]
[WhiteClock "0:00:04"]
[BlackClock "0:00:01"]

1. e4 c5 2. Nf3 e6 3. c3 Nf6 4. Bd3 d5 5. e5 Nfd7 6. Bc2 c4 7. d4 cxd3 8. Qxd3 Nc6 9. Bf4 Be7 10. Bg3 Qb6 11. b4 a5 12. b5 Nc5 13. Qe2 Na7 14. a4 Bd7 15. O-O Nc8 16. Nbd2 Qa7 17. c4 Nb6 18. cxd5 Nxd5 19. Nc4 O-O 20. Nd6 Bxd6 21. exd6 f6 22. Nd2 Be8 23. Ne4 Nd7 24. Bb3 Bf7 25. Rac1 Rac8 26. h4 Qd4 27. Rxc8 Rxc8 28. Rd1 Qb4 29. Qf3 Nc3 30. Nxc3 Rxc3 31. Rd3 Rc1+ 32. Kh2 Qe1 33. Rd1 Rxd1 34. Bxd1 Nc5 35. Bf4 Qb4 36. g3 Qd4 37. Bc2 e5 38. Be3 Qxd6 39. Qg4 Be6 40. Qh5 g6 41. Bxg6 hxg6 42. Qxg6+ Kf8 43. Qxf6+ Ke8 44. Bxc5 Qxc5 45. Qxe6+ Kd8 46. Qf5 Qd4 47. h5 e4 48. h6 e3 49. fxe3 Qb2+ 50. Kh3 Qa1 51. Qd5+ Ke7 52. h7 Qf1+ 53. Kg4 Qf8 54. Qc5+ Kf7 55. Qxf8+ 1-0


[Site "https://www.chess.com"]

[Event "Titled Tuesday Blitz August 24 2021"]
[White "Sonis, Francesco"]
[Black "Tang, Andrew"]
[WhiteFideId "895733"]
[BlackFideId "2059630"]
[WhiteElo "2373"]
[BlackElo "2588"]
[Result "0-1"]
[Round "06"]
[TimeControl "180+1"]
[Date "2021.08.24"]
[WhiteClock "0:00:03"]
[BlackClock "0:00:07"]

1. d4 d5 2. c4 e6 3. Nf3 Nf6 4. g3 dxc4 5. Bg2 Nc6 6. Qa4 Bd7 7. Qxc4 Na5 8. Qc2 Rc8 9. Nc3 c5 10. O-O b5 11. dxc5 Bxc5 12. a3 Nc4 13. Rd1 Qb6 14. e3 O-O 15. Qe2 Rfd8 16. b3 Nxa3 17. Bxa3 Bxa3 18. Rxa3 Rxc3 19. Qa2 Rc7 20. Ra6 Qc5 21. h3 Nd5 22. Qa5 Bc8 23. e4 Bxa6 24. exd5 Bb7 25. b4 Qb6 26. Qa1 Rxd5 27. Re1 h6 28. Ne5 Rd2 29. Re3 Bxg2 30. Ng4 Bb7 31. Qe5 Qc6 32. Re1 Qg2# 0-1


[Site "https://www.chess.com"]

[Event "Titled Tuesday Blitz August 24 2021"]
[White "Starozhilov, Leonid"]
[Black "Khusnutdinov, Rustam"]
[WhiteFideId "14106752"]
[BlackFideId "13701703"]
[WhiteElo "2414"]
[BlackElo "2571"]
[Result "0-1"]
[Round "06"]
[TimeControl "180+1"]
[Date "2021.08.24"]
[WhiteClock "0:00:04"]
[BlackClock "0:00:31"]

1. b3 e5 2. Bb2 Nc6 3. e3 Nf6 4. Bb5 Bd6 5. Ne2 O-O 6. Bxc6 dxc6 7. Nbc3 Re8 8. Ng3 e4 9. f3 exf3 10. Qxf3 Be5 11. O-O-O Bg4 12. Qf2 Bxd1 13. Rxd1 Qd7 14. h3 Rad8 15. Qf3 Nd5 16. Nce4 Bxb2+ 17. Kxb2 Qe7 18. Rf1 f6 19. Qg4 Kh8 20. h4 g6 21. Qf3 f5 22. Ng5 Qg7+ 23. Kb1 Rxe3 24. dxe3 Nc3+ 25. Kc1 Nxa2+ 26. Kb1 Nc3+ 27. Kc1 Ne4 28. Nf7+ Kg8 29. Nh6+ Kf8 30. Qxf5+ gxf5 31. Rxf5+ Ke8 0-1


[Site "https://www.chess.com"]

[Event "Titled Tuesday Blitz August 24 2021"]
[White "Stoyanov, Tsvetan"]
[Black "Pakleza, Zbigniew"]
[WhiteFideId "2917173"]
[BlackFideId "1119290"]
[WhiteElo "2191"]
[BlackElo "2526"]
[Result "1-0"]
[Round "06"]
[TimeControl "180+1"]
[Date "2021.08.24"]
[WhiteClock "0:01:39"]
[BlackClock "0:00:20"]

1. e4 d6 2. d4 Nf6 3. Nc3 c6 4. a4 Nbd7 5. Nf3 e5 6. Bc4 Be7 7. O-O O-O 8. Re1 a5 9. h3 Qc7 10. Be3 Nb6 11. Bb3 exd4 12. Nxd4 Re8 13. f4 Bf8 14. Qf3 Nfd7 15. Bxf7+ Kxf7 16. Qh5+ g6 17. Qxh7+ Bg7 18. f5 Nf6 19. fxg6+ Kf8 20. Rf1 Nd7 21. Bh6 1-0


[Site "https://www.chess.com"]